 Dungeon Crawl Stone Soup version 0.19.4-8-ga85b6b9 (webtiles) character file.

7898 Bybbax the Markscentaur (level 11, 0/101 HPs)
             Began as a Centaur Hunter on Feb 11, 2017.
             Was a Believer of Dithmenos.
             Slain by Snorg (17 damage)
             ... on level 10 of the Dungeon.
             The game lasted 00:53:29 (15526 turns).

Bybbax the Markscentaur (Centaur Hunter)           Turns: 15526, Time: 00:53:30

Health: 0/101      AC: 14    Str: 23 (24) XL:     11   Next: 2%
Magic:  11/11      EV:  6    Int: 10      God:    Dithmenos [**....]
Gold:   400        SH:  0    Dex:  9      Spells: 0 memorised, 10 levels left

rFire  + . .     SeeInvis +     a - +2 shortbow (velocity)
rCold  . . .     Gourm    .     v - +0 chain mail
rNeg   + . .     Faith    .     (shield currently unavailable)
rPois  +         Spirit   .     p - +1 helmet
rElec  .         Reflect  .     L - +0 cloak {rPois}
rCorr  .         Harm     .     P - +2 pair of gloves {Str+3}
MR     .....                    (no barding)
Stlth  ..........               (no amulet)
                                x - ring of see invisible
                                M - ring of positive energy

@: wreathed by umbra, very quick
A: hooves 3, blurry vision 1, deformed body, fire resistance 1, speed 2, shaggy
fur 1, strong 1, tough skin 3
a: Shadow Step, Renounce Religion


You were on level 10 of the Dungeon.
You worshipped Dithmenos.
Dithmenos was pleased with you.
You were hungry.

You visited 1 branch of the dungeon, and saw 10 of its levels.
You also visited: Ossuary.

You collected 502 gold pieces.
You spent 102 gold pieces at shops.

Inventory:

Hand Weapons
 a - a +2 shortbow of velocity (weapon)
 b - a +0 trident
 A - a +1 dagger of protection
Missiles
 d - 101 arrows (quivered)
 l - a throwing net
Armour
 p - a +1 helmet (worn)
 v - a +0 chain mail (worn)
 L - a +0 cloak of poison resistance (worn)
 P - a +2 pair of gloves of strength (worn)
Magical Staves
 y - an uncursed staff of conjuration {unknown}
Jewellery
 e - an uncursed ring of protection from fire
 x - a ring of see invisible (right hand)
 H - an uncursed amulet of harm {unknown}
 K - an uncursed ring of poison resistance
 M - a ring of positive energy (left hand)
Wands
 Q - a wand of paralysis (22/24)
 S - a wand of lightning (4/15)
Scrolls
 c - 2 scrolls of immolation {unknown}
 h - 5 scrolls of teleportation
 j - 3 scrolls of amnesia
 k - a scroll of blinking
 n - 2 scrolls of recharging
 o - 3 scrolls of enchant armour
 s - 2 scrolls of magic mapping
 t - 6 scrolls of identify
 z - a scroll of fog
 C - a scroll of noise
Potions
 g - 4 potions of curing
 i - 2 potions of haste {unknown}
 m - 2 potions of might
 u - 2 potions of degeneration
 D - 2 potions of lignification {unknown}
 E - 2 potions of heal wounds
 F - a potion of cancellation {unknown}
 G - a potion of agility {unknown}
 I - 2 potions of flight {unknown}
 J - a potion of magic {unknown}
Books
 f - a book of Cantrips

   Spells                             Type                      Level
   a - Confusing Touch                Hexes                        1
   b - Animate Skeleton               Necromancy                   1
   c - Summon Small Mammal            Summoning                    1
   d - Apportation                    Translocation                1
Comestibles
 q - 8 slices of pizza
 r - 4 chunks of flesh
 w - 4 bread rations
 B - a royal jelly
 N - a meat ration


   Skills:
 + Level 10.5 Fighting
 - Level 5.7 Polearms
 + Level 15.4 Bows
 - Level 1.3 Dodging
 - Level 0.4 Stealth


You had 10 spell levels left.
You didn't know any spells.

Dungeon Overview and Level Annotations

Branches:
Dungeon (10/15)            Temple (0/1) D:7             Orc (0/2) D:9
   Lair: D:8-11

Altars:
Ashenzari
Dithmenos
Elyvilon
Makhleb
Nemelex Xobeh
Okawaru
Qazlal
Uskayaw
Yredelemnul

Shops:
D:4 *[   D:7 *

Annotations:
D:10 Snorg


Innate Abilities, Weirdness & Mutations

You have hooves in place of feet.
Armour fits poorly on your strangely shaped body.
You cover ground very quickly.
You have extremely tough skin. (AC +3)
Scrolls take you a little longer to read.
Your flesh is heat resistant. (rF+)
You are covered in fur. (AC +1)
Your muscles are strong. (Str +2)


Message History

Snorg completely misses you. Snorg barely misses you.
Snorg rages.
You see here an arrow.
You are too injured to fight recklessly!
Snorg bites you but does no damage. Snorg claws you.
* * * LOW HITPOINT WARNING * * *
Snorg claws you.
* * * LOW HITPOINT WARNING * * *
You see here an arrow.
You feel much better. Snorg bites you! Snorg claws you!
Snorg claws you but does no damage. Snorg barely misses you. Snorg claws you!
* * * LOW HITPOINT WARNING * * *
Snorg claws you but does no damage.
Zapping:
Q - a wand of paralysis {recharged} (will waste charges)
Press: ? - help, Shift-Dir - straight line, f/p - Snorg
Aim: Snorg (heavily wounded, berserk, fast, unusually strong, umbra, chance to defeat MR: 15%) Snorg resists with almost no effort.
Evoking this partially-identified wand wasted a few charges.
Snorg bites you!
You die...

#############
#((...(.((.(#
#.#########.# #.# #T#
######(####### #@#
#...............(.......
#.....(#########.#.#.###
#####.(<.....# ......
#.(#####.# #.. #..
#..#####.# .... ..#
#......... .... .#
#.(......# .#... #
#(#.######


You could see Snorg (berserk).

Vanquished Creatures
  Erica (D:8)
  A hill giant (D:10)
  A necromancer (D:9)
  Joseph (D:8)
  Psyche (D:8)
  A troll (D:10)
  The ghost of Kosschaser the Sneak, a novice VSAs (D:7)
  A hippogriff (D:7)
  3 two-headed ogres (D:8)
  Prince Ribbit (D:8)
  A wyvern (D:9)
  A hungry ghost (D:7)
  The ghost of Amadiro the Chiller, an amateur HuIE (D:5)
  A water moccasin (D:3)
  A black bear (D:8)
  2 sky beasts
  An ice beast (D:7)
  2 phantoms
  2 orc warriors
  5 ogres
  4 centaurs
  A big kobold (D:5)
  The ghost of Kosschaser the Sneak, an amateur VSAs (D:3)
  3 bullfrogs
  2 wyvern zombies
  4 scorpions
  3 wights (D:9)
  3 killer bees
  2 howler monkeys (D:8)
  A bullfrog zombie (D:6)
  3 crimson imps
  2 jellies
  2 centaur zombies (Ossuary)
  An orc priest (D:7)
  A gnoll shaman (D:6)
  4 hounds
  5 orc wizards
  An iguana (D:6)
  Ijyb (D:2)
  2 polar bear simulacra (D:9)
  8 worker ants
  5 yak simulacra (D:9)
  3 ogre zombies (Ossuary)
  7 mummies (Ossuary)
  8 gnolls (D:6)
  2 howler monkey skeletons
  13 adders
  A shadow imp (D:8)
  3 adder zombies
  An adder skeleton (D:6)
  A dart slug (D:4)
  10 leopard geckos
  17 orcs
  3 giant cockroaches
  9 hobgoblins
  6 jackals
  4 quokkas
  A ball python (D:1)
  2 bats
  4 frilled lizards
  11 goblins
  7 goblin zombies (Ossuary)
  4 hobgoblin zombies (Ossuary)
  21 kobolds
  3 kobold zombies (Ossuary)
  A leopard gecko skeleton (D:6)
  2 orc zombies (Ossuary)
  A quokka skeleton (D:9)
  7 quokka zombies (Ossuary)
  8 rats
  4 river rat simulacra (D:9)
  A plant (D:5)
253 creatures vanquished.

Vanquished Creatures (others)
  8 plants (D:5)
8 creatures vanquished.

Grand Total: 261 creatures vanquished

Notes
Turn   | Place    | Note
-------+----------+-------------------------------------------
     0 | D:1      | Bybbax the Centaur Hunter began the quest for the Orb.
     0 | D:1      | Reached XP level 1. HP: 17/17 MP: 1/1
   590 | D:1      | Reached XP level 2. HP: 22/25 MP: 2/2
   962 | D:2      | Found a shattered altar of Ashenzari.
  1387 | D:2      | Reached XP level 3. HP: 27/30 MP: 3/3
  1574 | D:2      | Reached skill level 1 in Polearms
  1574 | D:2      | Reached skill level 6 in Bows
  1986 | D:2      | Noticed Ijyb
  2214 | D:2      | Killed Ijyb
  2214 | D:2      | Reached XP level 4. HP: 5/38 MP: 4/4
  3112 | D:3      | Noticed Kosschaser's ghost (amateur VSAs)
  3134 | D:3      | Killed Kosschaser's ghost
  3134 | D:3      | Reached XP level 5. HP: 44/46 MP: 5/5
  3834 | D:4      | Reached skill level 7 in Bows
  4339 | D:4      | Noticed an ogre
  4359 | D:4      | Killed an ogre
  4359 | D:4      | Reached XP level 6. HP: 33/52 MP: 6/6
  4692 | D:4      | Found Ucwuci's Antique Armour Shop.
  4827 | D:4      | Found Bued Cep's Serpentskin Sales.
  4827 | D:4      | Noticed a water moccasin
  5456 | D:3      | Killed a water moccasin
  5456 | D:3      | Reached skill level 8 in Bows
  5791 | D:5      | Entered Level 5 of the Dungeon
  5925 | D:4      | Reached XP level 7. HP: 49/58 MP: 7/7
  6472 | D:5      | Noticed Amadiro's ghost (amateur HuIE)
  6507 | D:5      | Killed Amadiro's ghost
  6507 | D:5      | Reached skill level 5 in Polearms
  6507 | D:5      | Reached skill level 9 in Bows
  6829 | D:5      | Found a basalt altar of Yredelemnul.
  6830 | D:5      | Found a white marble altar of Elyvilon.
  6853 | D:5      | Found a stormy altar of Qazlal.
  6972 | D:5      | Found an iron altar of Okawaru.
  6974 | D:5      | Found a burning altar of Makhleb.
  7615 | D:5      | Reached XP level 8. HP: 66/66 MP: 8/8
  8276 | D:6      | Reached skill level 10 in Bows
  8499 | D:6      | Found a sand-covered staircase.
  8507 | Ossuary  | Entered an ossuary
  9537 | D:6      | Found a shadowy altar of Dithmenos.
  9547 | D:6      | Reached skill level 5 in Fighting
  9724 | D:6      | Became a worshipper of Dithmenos the Shadowed
  9783 | D:6      | Reached skill level 11 in Bows
  9890 | D:6      | Gained mutation: Your muscles are strong. (Str +2) [mutagenic meat]
  9892 | D:6      | Gained mutation: You are covered in fur. (AC +1) [mutagenic meat]
  9895 | D:6      | Gained mutation: Your flesh is heat resistant. (rF+) [mutagenic meat]
  9896 | D:6      | Gained mutation: Scrolls take you a little longer to read. [mutagenic meat]
 10360 | D:7      | Reached XP level 9. HP: 75/75 MP: 9/9
 11009 | D:7      | Reached skill level 12 in Bows
 11038 | D:7      | Noticed Kosschaser's ghost (novice VSAs)
 11091 | D:7      | Killed Kosschaser's ghost
 11553 | D:7      | Reached * piety under Dithmenos
 11654 | D:7      | Found a staircase to the Ecumenical Temple.
 11693 | D:7      | Found Affisuf's General Store.
 11703 | D:7      | Bought a +0 cloak of poison resistance for 102 gold pieces
 11785 | D:8      | Noticed Joseph
 12365 | D:8      | Killed Joseph
 12365 | D:8      | Reached skill level 13 in Bows
 12736 | D:8      | Noticed Prince Ribbit
 12752 | D:8      | Killed Prince Ribbit
 12906 | D:8      | Reached XP level 10. HP: 90/90 MP: 10/10
 13065 | D:8      | Noticed Erica
 13101 | D:8      | Killed Erica
 13162 | D:8      | Reached skill level 14 in Bows
 13199 | D:8      | Noticed Psyche
 13217 | D:8      | Killed Psyche
 13593 | D:9      | Reached ** piety under Dithmenos
 13675 | D:9      | Found a sparkling altar of Nemelex Xobeh.
 14177 | D:9      | Got a brightly glowing leather armour
 14316 | D:9      | Reached skill level 10 in Fighting
 14589 | D:9      | Found a staircase to the Orcish Mines.
 14727 | D:9      | Identified the cursed +0 leather armour of Syndicalism {-Cast rC++ Int+4 Stlth+} (You found it on level 9 of the Dungeon)
 14841 | D:9      | Found a hide-covered altar of Uskayaw.
 14841 | D:9      | Found a sparkling altar of Nemelex Xobeh.
 14919 | D:9      | Noticed a necromancer
 14924 | D:9      | Killed a necromancer
 14924 | D:9      | Reached skill level 15 in Bows
 15428 | D:10     | Entered Level 10 of the Dungeon
 15446 | D:10     | Noticed a hill giant
 15480 | D:10     | Killed a hill giant
 15492 | D:10     | Reached XP level 11. HP: 101/101 MP: 11/11
 15495 | D:10     | Noticed Snorg
 15526 | D:10     | Slain by Snorg

Skill      XL: |  1  2  3  4  5  6  7  8  9 10 |
---------------+-------------------------------+-----
Polearms       | 1 2 3 4 5 |  5.7
Bows           | 6 7 8 9 11 13 15 | 15.4
Fighting       | 3 6 8 10 | 10.5
Dodging        | |  1.3
Stealth        | |  0.4

Action                   |  1- 3 |  4- 6 |  7- 9 | 10-12 || total
-------------------------+-------+-------+-------+-------++-------
Melee: Short sword       |    33 |       |       |       ||    33
       Kick              |    40 |    26 |   117 |    32 ||   215
       Dagger            |   178 |   176 |       |       ||   354
       Spear             |    16 |       |       |       ||    16
       Trident           |       |       |   475 |   123 ||   598
 Fire: Shortbow          |     6 |    58 |   271 |   158 ||   493
Evoke: Wand              |       |       |       |     1 ||     1
  Use: Scroll            |       |     5 |       |     8 ||    13
       Potion            |       |     1 |     1 |     2 ||     4
  Eat: Chunk             |     1 |     7 |    22 |     6 ||    36
       Bread ration      |       |     1 |     1 |       ||     2
       Beef jerky        |       |       |     3 |       ||     3
       Meat ration       |       |       |     1 |       ||     1
Armor: Leather armour    |   104 |     2 |       |       ||   106
       Chain mail        |       |   170 |   304 |    94 ||   568
Dodge: Dodged            |    82 |    55 |   126 |    48 ||   311
